 Dungeon Crawl Stone Soup version 0.31-a0-538-gbc85326fa9 (webtiles) character file.

Game seed: 7793383201859256753

51688 avis the Severer (level 14, -3/193 HPs)
             Began as a Hill Orc Monk on Aug 13, 2023.
             Was a High Priest of Beogh.
             Succumbed to a redback's poison
             ... on level 2 of the Lair of Beasts on Aug 14, 2023.
             The game lasted 03:03:16 (26632 turns).

avis the Severer (Hill Orc Monk)                   Turns: 26632, Time: 03:03:17

Health: -3/193     AC: 27    Str: 19    XL:     14   Next: 60%
Magic:  23/23      EV:  2    Int: 10    God:    Beogh [*****.]
Gold:   1985       SH:  0    Dex: 13    Spells: 11/13 levels left

rFire   + . .        a - +2 broad axe (freeze)
rCold   . . .        (no shield)
rNeg    . . .        k - melded +0 plate armour {Will+}
rPois   +            s - melded +1 hat
rElec   .            u - melded +0 cloak
rCorr   .            C - melded +2 pair of gloves
SInv    .            E - melded +0 pair of boots
Will    ++...        G - amulet of faith
Stlth   +            z - ring of poison resistance
HPRegen 0.52/turn    i - ring of protection from fire
MPRegen 0.18/turn

%: faith
@: confused, brilliant, lethally poisoned (-3 -> -24), tree-form, enlightened,
held
A: stationary, stasis, torment immunity, boosted hp, walk on water
a: Renounce Religion, Smiting, Recall Orcish Followers, Give Item to Named
Follower


You were on level 2 of the Lair of Beasts.
You worshipped Beogh.
Beogh was extremely pleased with you.
You were a tree.
You visited 4 branches of the dungeon, and saw 19 of its levels.
You also visited: Gauntlet and Ice Cave.

You collected 1985 gold pieces.

Inventory:

Hand Weapons
 a - a +2 broad axe of freezing (weapon)
 b - the +4 flail of the Keeping Lamprey {venom, MP+9 Stlth+}
   (You took it off a minotaur in a Gauntlet)

   MP+9:      It affects your magic capacity (+9).
   Stlth+:    It makes you more stealthy.
Armour
 k - a +0 plate armour of willpower (melded)
 s - a +1 hat (melded)
 u - a +0 cloak (melded)
 C - a +2 pair of gloves (melded)
 E - a +0 pair of boots (melded)
Jewellery
 d - a ring of positive energy
 h - a ring of flight
 i - a ring of protection from fire (right branch)
 j - a ring of resist corrosion
 q - a ring of wizardry
 z - a ring of poison resistance (left branch)
 G - an amulet of faith (around neck)
 X - a ring of protection from fire
Talismans
 p - a dragon-blood talisman
Wands
 x - a wand of light (16)
 B - a wand of charming (34)
 D - a wand of polymorph (6)
 O - a wand of mindburst (14)
 P - a wand of iceblast (18)
 W - a wand of digging (3)
Scrolls
 c - 2 scrolls of fog {unknown}
 f - 5 scrolls of teleportation
 g - 7 scrolls of blinking
 l - 3 scrolls of noise {unknown}
 m - 3 scrolls of immolation {unknown}
 n - 4 scrolls of amnesia {unknown}
 o - a scroll of summoning {unknown}
 r - 2 scrolls of revelation {unknown}
 t - 3 scrolls of poison {unknown}
 v - 3 scrolls of enchant weapon {unknown}
 y - 6 scrolls of fear {unknown}
 A - a scroll of torment {unknown}
 F - 4 scrolls of vulnerability {unknown}
 Q - 3 scrolls of enchant armour {unknown}
 U - 2 scrolls of brand weapon {unknown}
Potions
 e - 2 potions of cancellation
 J - a potion of berserk rage
 K - 3 potions of enlightenment
 N - 5 potions of might
 S - 2 potions of haste
 V - a potion of invisibility
 Y - a potion of magic
Miscellaneous
 w - a sack of spiders
 R - a phial of floods (inert)
 T - a phantom mirror


   Skills:
 - Level 13.0 Fighting
 - Level 18.0 Axes
 - Level 5.0 Armour
 - Level 2.4 Dodging
 - Level 3.0 Translocations
 - Level 12.0 Invocations
 * Level 11.6 Shapeshifting


You had 11 spell levels left.
You knew the following spells:

 Your Spells              Type           Power      Damage    Failure   Level
b - Blink                 Tloc           18%        N/A       17%         2

Your spell library contained the following spells:

 Spells                   Type           Power      Damage    Failure   Level
 Lesser Beckoning         Tloc           18%        N/A       17%         2
 Momentum Strike          Conj/Tloc      8%         3d8       30%         2
 Gell's Gravitas          Tloc           9%         N/A       32%         3
 Teleport Other           Tloc           9%         N/A       32%         3
 Freeze                   Ice            0%         1d3       36%         1
 Magic Dart               Conj           0%         1d3       36%         1
 Call Imp                 Summ           0%         N/A       50%         2
 Ensorcelled Hibernation  Hex/Ice        0%         N/A       50%         2
 Passwall                 Tmut/Erth      0%         N/A       50%         2
 Poisonous Vapours        Pois/Air       0%         N/A       50%         2
 Vhi's Electric Charge    Tloc/Air       8%         N/A       52%         3
 Manifold Assault         Tloc           9%         N/A       73%         4
 Passage of Golubria      Tloc           9%         N/A       73%         4
 Hailstorm                Conj/Ice       0%         3d3       75%         3
 Mephitic Cloud           Conj/Pois/Air  0%         N/A       75%         3
 Swiftness                Air            0%         N/A       75%         3
 Summon Ice Beast         Ice/Summ       0%         N/A       98%         4
 Alistair's Intoxication  Tmut/Pois      0%         N/A       100%        5
 Arcjolt                  Conj/Air       0%         1d10      100%        5
 Freezing Cloud           Conj/Ice/Air   0%         6-21      100%        5
 Iskenderun's Battlesphe  Conj           0%         2d6       100%        5
 Metabolic Englaciation   Hex/Ice        0%         N/A       100%        5
 Silence                  Hex/Air        0%         N/A       100%        5
 Dispersal                Tloc           4%         N/A       100%        6
 Leda's Unmaking          Conj/Erth      0%         9d1       100%        6
 Simulacrum               Ice/Necr       0%         N/A       100%        6
 Spellforged Servitor     Conj/Summ      0%         N/A       100%        7
 Disjunction              Tloc           4%         N/A       100%        8
 Lehudib's Crystal Spear  Conj/Erth      0%         10d2      100%        8
 Maxwell's Capacitive Co  Air            0%         ∞         100%        8


Dungeon Overview and Level Annotations

Branches:
Dungeon (12/15)            Temple (1/1) D:6            Lair (5/5) D:10
 Shoals (0/4) Lair:2       Spider (1/4) Lair:2        Slime (0/5) Lair:5
    Orc (0/2) D:12          IceCv (visited)         Gauntlet (visited)

Altars:
Ashenzari
Cheibriados
Dithmenos
Elyvilon
Fedhas
Gozag
Hepliaklqana
Kikubaaqudgha
Makhleb
Nemelex Xobeh
Okawaru
Qazlal
Ru
Sif Muna
Trog
Uskayaw
Vehumet
Wu Jian
Xom
Yredelemnul
Zin
The Shining One

Annotations:
D:3 3 runed translucent doors, howech's ghost, amateur MeSh


Message History

The tarantella touches you but does no damage.
The redback bites you but does no damage.
The jumping spider leaps!
You turn into a tree.
Your +0 cloak melds into your body.
Your +1 hat melds into your body.
Your +2 pair of gloves melds into your body.
Your +0 pair of boots melds into your body.
Your +0 plate armour of willpower melds into your body.
You feel less strong-willed.
Your roots penetrate the ground.
You feel less invigorated.
* * * LOW HITPOINT WARNING * * *
You feel extremely sick. The tarantella barely misses you.
The redback bites you but does no damage.
* * * LOW HITPOINT WARNING * * *
You feel extremely sick.
The tarantella touches you but does no damage.
The redback bites you but does no damage.
The jumping spider pounces on you but does no damage.
The jumping spider bites you but does no damage.
Arbeogh hits the redback with a +2 heavy war axe!
The redback bites you but does no damage.
The tarantella touches you but does no damage.
The jumping spider pounces on you but does no damage.
The jumping spider bites you but does no damage.
Your roots keep you in place.
* * * LOW HITPOINT WARNING * * *
You feel extremely sick.
The tarantella touches you but does no damage.
The redback bites you but does no damage.
The jumping spider pounces on you.
* * * LOW HITPOINT WARNING * * *
You are caught in a web!
The jumping spider bites you but does no damage.
Arbeogh hits the redback with a +2 heavy war axe!
The redback dies!
Beogh accepts your kill.
It was a potion of brilliance.
You feel clever all of a sudden.
You die...

....#..............#...#####.....
...##P............#....#.#.....P.
##.####..........#..............#
##.# #..#..^...###.^...†........
##.#####.......^###....#.......P.
#....# #...^..^##^#..........P♣~~
#..### ###....##^^^....#.#...P~♣.
.....# #P....#o^s...^.###....~♣†
....### #...^..^♣s......###...P..
......# ##.#...^^^^.....# #......
.....P######^...#^^^....# #.#....
.....##.#.#^^^^..###....# ###....
.......##..##^^...###...# ##...
......###...###........##### ###.
......##.##.....#.......##.####.#
......#####.....##.........#.###.
......######.....................


You could see a jumping spider, a tarantella (ally target) and the friendly
Arbeogh the orc knight.

Vanquished Creatures
  A minotaur (Gauntlet)
  Erolcha (D:10)
  Fannar (Lair:1)
  A hydra (Lair:3)
  A catoblepas (Lair:4)
  3 boulder beetles
  A two-headed ogre (D:11)
  A skyshark (Lair:4)
  Amaemon (D:11)
  A sixfirhy (Gauntlet)
  Pikel (D:5)
  A lindwurm (Lair:5)
  Jeremiah (D:7)
  An oklob plant (Lair:3)
  3 cyclopes
  2 ugly things (IceCv)
  A torpor snail (Lair:5)
  4 black mambas
  5 elephants (Lair:1)
  3 ice statues (IceCv)
  9 cane toads
  A gargoyle (D:12)
  A guardian serpent (Lair:5)
  3 komodo dragons
  An anaconda simulacrum (IceCv)
  2 minotaur zombies (Gauntlet)
  2 tyrant leeches (Lair:5)
  3 trolls
  5 hornets (Lair:5)
  2 polar bears
  8 blink frogs
  4 slime creatures
  Sigmund (D:5)
  A shadow (D:12)
  2 wraiths
  30 yaks
  8 wyverns
  A fire elemental (Gauntlet)
  2 basilisks
  2 redbacks (Lair:5)
  A steam dragon (D:7)
  3 acid dragons
  A hydra simulacrum (IceCv)
  14 water moccasins
  A floating eye (Lair:3)
  4 ice beasts
  A black bear (D:6)
  A sky beast (D:7)
  4 orc warriors
  3 ogres
  4 centaurs
  4 wolves (Lair:1)
  A phantom (D:3)
  4 lemures (D:5)
  3 gnoll sergeants (D:12)
  6 kobold brigands
  10 bullfrogs
  A scorpion (D:6)
  4 cane toad simulacra
  5 wights (D:7)
  An elephant simulacrum (IceCv)
  5 killer bees (D:8)
  A crimson imp (D:7)
  2 howler monkeys (D:10)
  2 orc priests
  2 hounds (Lair:1)
  6 jellies
  2 gnoll boudas (D:7)
  Jessica (D:2)
  Ijyb (D:5)
  2 iguanas (D:5)
  9 orc wizards
  2 polar bear simulacra
  A wolf simulacrum (Lair:5)
  Robin (D:3)
  4 adders
  10 gnolls
  3 shadow imps
  2 white imps
  4 ufetubi
  3 dart slugs
  9 orcs
  2 endoplasms
  2 giant cockroaches
  21 goblins
  13 hobgoblins
  3 jackals (D:3)
  A quokka (D:3)
  5 ball pythons
  5 frilled lizards
  4 goblin skeletons (D:5)
  2 hobgoblin zombies (D:5)
  18 kobolds
  A kobold skeleton (D:5)
  A kobold zombie (D:5)
  An orc skeleton (D:5)
  An orc zombie (D:5)
  7 rats
  A butterfly (D:6)
358 creatures vanquished.

Vanquished Creatures (collateral kills)
  A fire dragon (Lair:5)
  2 hydras
  A two-headed ogre (D:10)
  A boulder beetle (Lair:5)
  A lindwurm (Lair:5)
  An oklob plant (Lair:3)
  A wolf spider (Lair:5)
  A manticore (Lair:2)
  5 elephants
  An orange demon (D:11)
  11 cane toads
  6 black mambas (Lair:5)
  2 rime drakes
  5 torpor snails (Lair:5)
  2 komodo dragons (Lair:5)
  A troll (D:11)
  4 hornets (Lair:5)
  A tyrant leech (Lair:5)
  A wind drake (Lair:2)
  7 blink frogs
  A shadow (D:11)
  A culicivora (Lair:2)
  6 wyverns
  4 slime creatures
  A wraith (D:11)
  17 yaks
  6 basilisks
  2 redbacks
  13 water moccasins
  An orc warrior (D:12)
  3 wolves (Lair:1)
  A kobold brigand (D:10)
  A gnoll sergeant (D:9)
  A bullfrog (D:9)
  2 howler monkeys (D:9)
  An electric eel (Lair:1)
  A jelly (Lair:5)
  An orc priest (D:11)
  A polar bear simulacrum (Lair:5)
  A wolf simulacrum (IceCv)
  3 gnolls (D:10)
  An orc (D:8)
  2 kobolds (D:10)
126 creatures vanquished.

Vanquished Creatures (others)
  An orc knight (Lair:3)
  A hornet (Lair:5)
  An orc warrior (D:12)
  2 orc priests
  5 orc wizards
  9 orcs
19 creatures vanquished.

Grand Total: 503 creatures vanquished

Notes
Turn   | Place    | Note
-------+----------+-------------------------------------------
     0 | D:1      | avis the Hill Orc Monk began the quest for the Orb.
     0 | D:1      | Reached XP level 1. HP: 19/19 MP: 1/1
   231 | D:1      | Reached XP level 2. HP: 26/26 MP: 2/2
   379 | D:1      | Reached skill level 5 in Axes
  1336 | D:2      | Reached XP level 3. HP: 31/31 MP: 3/3
  1554 | D:2      | Noticed Jessica
  1565 | D:2      | Killed Jessica
  1566 | D:2      | Reached skill level 6 in Axes
  1747 | D:2      | Reached XP level 4. HP: 37/40 MP: 4/4
  2049 | D:3      | Learned a level 2 spell: Blink
  2077 | D:3      | Noticed Robin
  2177 | D:3      | Killed Robin
  2227 | D:3      | Found a hazy altar of Hepliaklqana.
  2405 | D:3      | Found a runed translucent gate.
  2406 | D:3      | Found a runed translucent gate.
  2409 | D:3      | Reached XP level 5. HP: 42/46 MP: 5/5
  2409 | D:3      | Found a runed translucent gate.
  2413 | D:3      | Noticed howech's ghost (amateur MeSh)
  2513 | D:3      | Reached skill level 7 in Axes
  2574 | D:3      | Found a faded altar of an unknown god.
  2626 | D:3      | Reached skill level 1 in Armour
  2829 | D:4      | Noticed a phantom
  2836 | D:3      | Killed a phantom
  2837 | D:3      | Reached skill level 1 in Translocations
  2941 | D:4      | Noticed an ice beast
  2955 | D:4      | Killed an ice beast
  2956 | D:4      | Reached skill level 8 in Axes
  2956 | D:4      | Reached XP level 6. HP: 33/52 MP: 6/6
  3031 | D:4      | Identified the +1 mace of Plunder {heavy, Dex+3}
  3661 | D:5      | Entered Level 5 of the Dungeon
  3661 | D:5      | Noticed Ijyb
  3663 | D:5      | Noticed Sigmund
  3883 | D:5      | Reached skill level 9 in Axes
  4237 | D:5      | Noticed Pikel
  4239 | D:5      | Killed Sigmund
  4240 | D:5      | Reached XP level 7. HP: 49/59 MP: 7/7
  4267 | D:5      | Killed Pikel
  4268 | D:5      | Reached skill level 11 in Axes
  4268 | D:5      | Reached XP level 8. HP: 22/66 MP: 8/8
  4284 | D:5      | Killed Ijyb
  4449 | D:5      | Reached skill level 12 in Axes
  4516 | D:5      | Found a glowing golden altar of the Shining One.
  5208 | D:6      | Found a staircase to the Ecumenical Temple.
  5223 | Temple   | Entered the Ecumenical Temple
  5463 | D:6      | Became a worshipper of Beogh the Brigand
  5463 | D:6      | Reached * piety under Beogh
  5463 | D:6      | Reached ** piety under Beogh
  5686 | D:6      | Reached skill level 13 in Axes
  5955 | D:6      | Found a blossoming altar of Fedhas.
  5986 | D:6      | Reached XP level 9. HP: 71/71 MP: 9/9
  6522 | D:7      | Reached skill level 1 in Invocations
  6637 | D:7      | Noticed Jeremiah
  6694 | D:7      | Killed Jeremiah
  6695 | D:7      | Reached skill level 14 in Axes
  7078 | D:7      | Found a burning altar of Makhleb.
  7608 | D:7      | Reached skill level 15 in Axes
  7833 | D:7      | Reached skill level 5 in Invocations
  8193 | D:8      | Reached XP level 10. HP: 74/78 MP: 14/14
  8301 | D:8      | Reached *** piety under Beogh
  8345 | D:8      | Reached skill level 16 in Axes
  8362 | D:8      | Found a snail-covered altar of Cheibriados.
  8899 | D:8      | Noticed a cyclops
  8911 | D:8      | Killed a cyclops
  8912 | D:8      | Reached skill level 1 in Shapeshifting
  9071 | D:8      | Found a glowing silver altar of Zin.
 10181 | D:10     | Entered Level 10 of the Dungeon
 10258 | D:10     | Noticed Erolcha
 10848 | D:10     | Found a staircase to the Lair.
 10897 | D:10     | Reached skill level 5 in Fighting
 11136 | D:10     | Killed Erolcha
 11139 | D:10     | Noticed a two-headed ogre
 11152 | D:10     | Killed a two-headed ogre
 11153 | D:10     | Reached XP level 11. HP: 31/92 MP: 17/17
 11395 | Lair:1   | Entered Level 1 of the Lair of Beasts
 11395 | Lair:1   | Noticed Fannar
 11395 | Lair:1   | Found a gate leading to a gauntlet.
 11402 | Lair:1   | Killed Fannar
 11462 | Gauntlet | Entered a Gauntlet
 11462 | Gauntlet | Found a transporter.
 11462 | Gauntlet | Found a transporter.
 11469 | Gauntlet | Noticed a sixfirhy
 11471 | Gauntlet | Found a transporter.
 11486 | Gauntlet | Found a transporter.
 11500 | Gauntlet | Noticed an oklob plant
 11501 | Gauntlet | Found a transporter.
 11513 | Gauntlet | Found a transporter.
 11605 | Gauntlet | Found a transporter.
 11605 | Gauntlet | Found a transporter.
 11633 | Gauntlet | Found a transporter.
 11633 | Gauntlet | Found a transporter.
 11643 | Gauntlet | Found a transporter.
 11643 | Gauntlet | Found a transporter.
 11661 | Gauntlet | Noticed a wizard
 11669 | Gauntlet | Noticed a wizard
 11692 | Gauntlet | Found a transporter.
 11728 | Gauntlet | Found a transporter.
 11729 | Gauntlet | Noticed a wizard
 11769 | Gauntlet | Found a transporter.
 11787 | Gauntlet | Found a transporter.
 11934 | Gauntlet | Killed a sixfirhy
 12337 | Gauntlet | Identified the +4 flail of the Keeping Lamprey {venom, MP+9
                  | Stlth+}
 12337 | Gauntlet | Noticed a minotaur
 12344 | Gauntlet | Killed a minotaur
 12494 | Gauntlet | Got the Precepts of Inconstant Frostbite
 12748 | Lair:1   | Reached skill level 10 in Invocations
 13089 | Lair:1   | Identified the +2 leather armour of Parlour Games {Int+2}
 13354 | Lair:1   | Found an ornate altar of the Wu Jian Council.
 13489 | Lair:1   | Reached skill level 5 in Shapeshifting
 13509 | Lair:1   | Reached XP level 12. HP: 93/105 MP: 20/20
 14021 | Lair:2   | Found a staircase to the Shoals.
 14026 | Lair:2   | Gained Morbeogh as an ally
 14027 | Lair:2   | Reached skill level 17 in Axes
 14297 | Lair:2   | Found a hole to the Spider Nest.
 14373 | Lair:2   | Noticed an eight-headed hydra
 14380 | Lair:2   | Killed a seven-headed hydra
 14381 | Lair:2   | Reached skill level 10 in Fighting
 15596 | Lair:3   | Paralysed by a floating eye for 4 turns
 15605 | Lair:3   | Paralysed by a floating eye for 3 turns
 15745 | Lair:3   | Reached **** piety under Beogh
 15746 | Lair:3   | Reached skill level 18 in Axes
 16313 | Lair:3   | Noticed a seven-headed hydra
 16321 | Lair:3   | Killed a seven-headed hydra
 16534 | Lair:3   | Noticed a boulder beetle
 16555 | Lair:3   | Killed a boulder beetle
 17422 | D:11     | Noticed Amaemon
 17427 | D:11     | Killed Amaemon
 17428 | D:11     | Reached skill level 5 in Armour
 17428 | D:11     | Reached XP level 13. HP: 116/116 MP: 10/22
 17762 | D:11     | Identified the +8 dagger "Vakui" {antimagic, rC+}
 19495 | D:12     | Gained Thorok as an ally
 19746 | D:12     | Found a staircase to the Orcish Mines.
 20752 | Lair:4   | HP: 2/122 [boulder beetle (40)]
 22616 | Lair:5   | Entered Level 5 of the Lair of Beasts
 22710 | Lair:5   | Found a frozen archway.
 22720 | Lair:5   | Reached ***** piety under Beogh
 22765 | IceCv    | Entered an ice cave
 22783 | IceCv    | HP: 5/122 [polar bear simulacrum (17)]
 23350 | IceCv    | Reached XP level 14. HP: 94/129 MP: 13/23
 23529 | IceCv    | Gained Dorog as an ally
 23942 | Lair:5   | Found a staircase to the Slime Pits.
 23952 | Lair:5   | Reached skill level 10 in Shapeshifting
 25531 | Lair:5   | Found a runed translucent door.
 25668 | Lair:5   | Paralysed by a hornet for 2 turns
 26615 | Spider:1 | Entered Level 1 of the Spider Nest
 26628 | Lair:2   | Gained Arbeogh as an ally
 26631 | Lair:2   | HP: 4/193 [poisoned by a redback]
 26632 | Lair:2   | Succumbed to a redback's poison

Illustrated notes

Levels and vault maps discovered:
D:1:      minmay_arrival_doors, layout_basic, grunt_decor_mini_mirrors
D:2:      cheibrodos_greedy_goblins, layout_loops_cross, uniq_jessica
D:3:      layout_loops_cross, nicolae_hepliaklqana_hazy_memory,
          gammafunk_ghost_split, hellmonk_ecumenical_altar_arch_garden,
          kennysheep_generic_room_14, uniq_robin
D:4:      layout_gridville, kennysheep_decorative_pillar
D:5:      layout_basic, nicolae_tso_besieged_by_evil, uniq_sigmund, uniq_pikel,
          uniq_ijyb
D:6:      layout_rooms, lemuel_tele_altar, minmay_temple_entry_butterflies
D:7:      layout_basic, makhleb_grotto_becter, uniq_jeremiah
D:8:      layout_loops_ring, kennysheep_slug_shrine, zin_scriptorium
D:9:      layout_rooms, kennysheep_boxes
D:10:     layout_roguey, lair_entry_dummy, uniq_erolcha
D:11:     layout_loops_ring, uniq_amaemon
D:12:     layout_irregular_city, kennysheep_orc_monster_closet_entryway
Temple:   compressed_dpeg_triangle_lava_temple
Lair:1:   beast_lair_carwin_large_1, layout_regular_city, basic_altar,
          gauntlet_entry_generic, nicolae_quartered_pool_little, uniq_fannar
Lair:2:   layout_cave_pods, minmay_shoals_entry_beasts, spider_nest_entry_webs,
          serial_bayou_pond_d, serial_bayou_pond_d
Lair:3:   cheibrodos_lair_river_kwai, layout_gridlike,
          hangedman_lair_unloving_vines, mumra_transporter_accident,
          disabler_island
Lair:4:   layout_regular_city
Lair:5:   hangedman_lair_tendril_chambers, layout_cave_pods, wormcave,
          minmay_slime_entry_pillars, portal_ice_cave_entry_ice_simulacra,
          kennysheep_basilisk_garden, lemuel_fruit_fields
Spider:1: layout_spider_delve

Skill      XL: |  1  2  3  4  5  6  7  8  9 10 11 12 13 14 |
---------------+-------------------------------------------+-----
Axes           | 5 6 8 9 11 13 15 16 18 | 18.0
Fighting       | 4 7 9 11 13 | 13.0
Armour         | 1 2 3 5 |  5.0
Translocations | 1 2 3 |  3.0
Invocations    | 5 9 10 12 | 12.0
Shapeshifting  | 3 5 6 9 11 | 11.6
Dodging        | |  2.4

Action                     |  1- 3 |  4- 6 |  7- 9 | 10-12 | 13-15 || total
---------------------------+-------+-------+-------+-------+-------++-------
  Melee: Hand axe          |    45 |       |       |       |       ||    45
         War axe           |    32 |   143 |   230 |   134 |       ||   539
         Whip              |     6 |       |       |       |       ||     6
         Broad axe         |       |       |       |   242 |   383 ||   625
         Flail             |       |       |       |     8 |     3 ||    11
         Punch             |       |       |       |       |     4 ||     4
   Fire: Sling             |       |     3 |       |       |       ||     3
  Throw: Boomerang         |       |    11 |     3 |       |       ||    14
         Dart              |       |       |       |     2 |       ||     2
 Invoke: Convert to Beogh  |       |       |     1 |       |       ||     1
         Smiting           |       |       |     1 |    14 |    13 ||    28
         Recall Orcish Fol |       |       |       |     5 |     5 ||    10
         Give Item to Name |       |       |       |       |     2 ||     2
Ability: Begin Untransform |       |       |       |     5 |     3 ||     8
  Evoke: Wand              |       |       |    13 |     4 |     5 ||    22
         Phial of floods   |       |       |       |       |     1 ||     1
    Use: Potion            |       |       |     1 |     3 |     9 ||    13
         Scroll            |       |       |     6 |     5 |     4 ||    15
   Stab: Invisible         |       |       |       |     3 |     4 ||     7
         Distracted        |       |       |       |     4 |     3 ||     7
         Petrifying        |       |       |       |       |     2 ||     2
         Petrified         |       |       |       |       |     1 ||     1
 Armour: Robe              |     5 |       |       |       |       ||     5
         Ring mail         |     8 |    64 |   121 |    27 |       ||   220
         Plate armour      |       |       |       |   170 |   244 ||   414
         Skin              |       |       |       |    21 |    12 ||    33
  Dodge: Dodged            |    40 |    93 |   132 |   126 |   132 ||   523
   Form: Beast             |       |       |       |     5 |       ||     5
         Dragon            |       |       |       |       |     3 ||     3
                           |       |       |       |       |     2 ||     2
         Blade             |       |       |       |       |     2 ||     2

Table legend: (Time is in decaauts)
 A = Elapsed time spent in this place.
 B = Non-inter-level travel time spent in this place.
 C = Inter-level travel time spent in this place.
 D = Time resting spent in this place.
 E = Time spent auto-exploring this place.
 F = Levels seen in this place.
 G = Mean time per level.
                   A        B        C        D        E       F      G
               +--------+--------+--------+--------+--------+-----+--------+
         Total |  26486 |  22950 |   3536 |   7814 |   7770 |  21 | 1261.2 |
       Dungeon |  14180 |  12015 |   2165 |   2975 |   5642 |  12 | 1181.7 |
        Temple |     60 |     57 |      3 |      0 |      0 |   1 |   60.0 |
          Lair |   9945 |   8577 |   1368 |   3424 |   2128 |   5 | 1989.0 |
   Spider Nest |      4 |      4 |      0 |      0 |      0 |   1 |    4.0 |
      Ice Cave |   1053 |   1053 |      0 |    803 |      0 |   1 | 1053.0 |
      Gauntlet |   1242 |   1242 |      0 |    612 |      0 |   1 | 1242.0 |
               +--------+--------+--------+--------+--------+-----+--------+

Top non-repeatable levels by time:
  Lair:1: 2486 daAuts
  Lair:5: 2423 daAuts
     D:7: 2177 daAuts
  Lair:3: 2098 daAuts
  Lair:4: 1565 daAuts
    D:10: 1383 daAuts
  Lair:2: 1370 daAuts
     D:5: 1338 daAuts
     D:1: 1283 daAuts
Gauntlet: 1242 daAuts
    D:11: 1222 daAuts
     D:8: 1163 daAuts
     D:4: 1122 daAuts
    D:12: 1098 daAuts
   IceCv: 1053 daAuts
